Map: Oxide LE

Players

ByuN - Winner!

  • Race: Terran Terran
  • Spawn Location: 1:00

AgoElazer (Elazer)

  • Race: Zerg Zerg
  • Spawn Location: 7:00

Event: TSL 6

VOD

Have the link to the VOD?

Description

Time

  • Played on: Dec. 19, 2020, 7:10 p.m.
  • Length: 15:33

All games in this series

Show
View Real Time Build Order
Export as new Build Order

ByuN Terran - Winner!

Build Orders:  

Get SALT Encoding   

  12  0:00  SCV  
  13  0:12  SCV  
  14  0:17  Supply Depot  
  14  0:24  SCV  
  15  0:38  SCV  
  15  0:40  Barracks  
  15  0:42  Refinery  
  16  0:50  SCV  
  17  1:03  SCV  
  18  1:15  SCV  
  19  1:27  Orbital Command, Marine  
  20  1:38  Command Center  
  20  1:48  Factory  
  20  1:52  SCV  
  21  1:57  Refinery  
  21  2:01  Barracks Reactor  
  21  2:04  SCV  
  22  2:10  Supply Depot  
  22  2:17  SCV  
  23  2:31  SCV  
  23  2:34  Hellion, Starport  
  26  2:37  Marine x2  
  26  2:43  SCV  
  29  2:50  Orbital Command  
  29  2:55  Factory Tech Lab  
  29  2:56  SCV, Marine  
  32  3:08  SCV  
  33  3:14  Fusion Core  
  32  3:24  SCV x2  
  37  3:31  Hellion x2  
  41  3:36  Supply Depot  
  41  3:38  SCV  
  41  3:39  SCV  
  43  3:50  SCV  
  43  3:51  SCV  
  43  3:54  Supply Depot  
  45  4:02  SCV  
  47  4:03  SCV  
  47  4:04  Battlecruiser  
  47  4:05  Hellion  
  47  4:07  Supply Depot  
  47  4:09  Hellion  
  54  4:16  SCV x2  
  56  4:24  Supply Depot  
  56  4:28  Hellion  
  56  4:31  Hellion, SCV x2  
  62  4:41  Barracks Tech Lab  
  62  4:43  SCV  
  62  4:44  SCV  
  64  4:47  Command Center  
  64  4:55  SCV  
  64  4:56  SCV  
  64  4:58  Factory Reactor  
  66  5:01  Stimpack, Marine  
  66  5:02  Barracks  
  66  5:04  Barracks  
  67  5:09  SCV x2  
  67  5:12  Refinery  
  67  5:13  Starport Reactor, Refinery  
  69  5:21  SCV x2  
  69  5:24  Marine  
  69  5:27  Engineering Bay  
  69  5:28  Engineering Bay  
  72  5:33  SCV x2  
  72  5:35  Supply Depot  
  74  5:45  SCV  
  74  5:46  SCV  
  76  5:50  Marine x2  
  76  5:55  Terran Infantry Weapons Level 1  
  76  5:56  Siege Tank, Marine  
  82  5:58  Supply Depot, SCV x2  
  82  6:00  Marine  
  82  6:02  Marine  
  86  6:05  Medivac x2  
  86  6:08  Marine  
  91  6:14  Marine x2  
  91  6:18  Marine  
  93  6:20  Marine  
  93  6:21  Orbital Command  
  95  6:26  Marine  
  95  6:32  Barracks, Marine x2  
  98  6:34  Barracks  
  98  6:36  Marine  
  98  6:38  Marine  
  100  6:41  Siege Tank  
  100  6:42  Medivac x2  
  100  6:44  Marine  
  108  6:50  Marine  
  108  6:51  Orbital Command  
  108  6:52  Supply Depot  
  109  7:01  Combat Shield, Supply Depot, Marine x3  
  109  7:02  Supply Depot  
  109  7:03  SCV x2  
  114  7:15  SCV x2, Marine x2  
  105  7:19  Marine  
  105  7:20  Siege Tank  
  105  7:21  SCV  
  109  7:27  SCV x2  
  111  7:33  SCV  
  111  7:36  Terran Infantry Armor Level 1  
  110  7:38  Barracks Reactor, Marine x4  
  110  7:39  Barracks Reactor, SCV  
  110  7:40  SCV  
  114  7:45  SCV  
  114  7:47  Supply Depot  
  114  7:49  Supply Depot x2  
  115  7:51  SCV  
  115  7:52  SCV  
  115  7:55  Factory  
  115  7:57  SCV  
  118  8:04  SCV x2  
  115  8:09  SCV, Marine  
  115  8:10  Marine x4  
  116  8:16  SCV x2  
  118  8:22  Marine x4  
  118  8:23  Medivac x2  
  118  8:24  Widow Mine  
  129  8:27  Marine  
  129  8:30  Supply Depot  
  129  8:33  Missile Turret  
  129  8:39  Factory Reactor  
  133  8:42  Command Center  
  133  8:43  Refinery  
  133  8:44  Missile Turret  
  133  8:47  Marine x5  
  133  8:48  Marine x2  
  136  8:59  Widow Mine  
  138  9:04  Marine x2  
  138  9:05  Marine x6  
  143  9:13  Medivac  
  143  9:14  Marine  
  144  9:18  Command Center  
  144  9:20  Widow Mine x2  
  144  9:23  Medivac, Marauder  
  144  9:30  Armory  
  144  9:31  Marine x2  
  144  9:32  Marine x6  
  149  9:39  Widow Mine  
  149  9:41  Widow Mine  
  149  9:42  Medivac  
  149  9:44  Marauder  
  156  9:46  Widow Mine  
  156  9:49  Marine x3  
  156  9:50  Marine x4  
  163  9:59  Marine  
  164  10:02  Barracks  
  164  10:05  Barracks  
  164  10:06  Barracks  
  164  10:07  Supply Depot, Marine  
  164  10:09  Supply Depot  
  164  10:11  Marine  
  165  10:15  Marine  
  165  10:16  Marine  
  165  10:17  Marauder, Widow Mine, Marine x2  
  165  10:24  Terran Infantry Armor Level 2, Terran Infantry Weapons Level 2  
  165  10:28  Marine x2  
  165  10:29  Widow Mine x2  
  165  10:34  Terran Vehicle And Ship Armor Level 1  
  171  10:38  Marauder, Widow Mine, Concussive Shells  
  171  10:39  Marine x5  
  171  10:40  Marine  
  171  10:42  Medivac  
  183  10:44  Drilling Claws  
  183  10:46  Marine x2  
  185  10:50  Widow Mine x2  
  185  10:56  Barracks Tech Lab x2  
  189  11:00  Marauder  
  191  11:05  Marine  
  191  11:06  Marine x4  
  191  11:09  Marine  
  191  11:10  Widow Mine  
  185  11:11  Widow Mine x2  
  187  11:21  Marauder  
  187  11:22  Marauder x2, Marine x2  
  187  11:23  Marine  
  196  11:26  Planetary Fortress  
  196  11:39  Widow Mine, Marine x2  
  196  11:51  Widow Mine  
  196  11:58  Supply Depot  
  196  12:00  Command Center  
  195  12:19  Medivac x2, Marauder  
  195  12:20  Marauder x2  
  192  12:25  Widow Mine  
  192  12:26  Widow Mine  
  192  12:29  Marine  
  186  12:30  Marine x2  
  186  12:35  Marine x2  
  186  12:36  Marine x3  
  170  12:40  Widow Mine  
  170  12:41  Marauder x2  
  170  12:42  Marauder  
  170  12:47  Widow Mine, Marine  
  170  12:48  Marine x2  
  170  12:50  Barracks Tech Lab  
  175  12:52  Terran Infantry Weapons Level 3, Marine, Terran Infantry Armor Level 3  
  175  12:53  Marine  
  175  12:54  Marine  
  178  13:02  Marauder  
  178  13:03  Marauder, Siege Tank  
  177  13:09  Command Center x2  
  177  13:12  Marine x2  
  177  13:13  Marine x6  
  183  13:20  Factory Tech Lab  
  183  13:23  Marauder  
  183  13:24  Marauder  
  181  13:35  Siege Tank  
  181  13:39  Siege Tank  
  187  13:44  Marauder  
  187  13:47  Supply Depot  
  189  13:50  Marauder x3  
  189  13:51  Marine  
  189  13:52  Marine  
  197  14:00  Marine x2  
  197  14:01  Marine x2  
  197  14:03  Marine  
  197  14:08  Marauder  
  197  14:09  Siege Tank  
  200  14:11  Marauder  
  190  14:22  Marauder x2, Marine  
  190  14:23  Marine x4  
  188  14:30  Marauder  
  189  14:38  Command Center  
  187  14:54  Marauder, Siege Tank x2  
  187  14:55  Marauder  
  186  15:04  Marine  
  186  15:05  Marine x2  
Show
View Real Time Build Order
Export as new Build Order

AgoElazer Zerg 

Build Orders: Hatch First, Lurkers 

Get SALT Encoding   

  12  0:00  Drone  
  13  0:12  Overlord  
  13  0:16  Drone  
  14  0:30  Drone x2  
  16  0:48  Hatchery  
  15  0:50  Drone  
  15  0:54  Drone  
  17  0:58  Drone  
  18  1:08  Extractor  
  17  1:12  Spawning Pool  
  17  1:15  Drone  
  17  1:19  Drone  
  18  1:28  Drone  
  19  1:39  Drone  
  20  1:49  Drone  
  21  2:01  Queen  
  21  2:02  Queen  
  21  2:04  Zergling x2  
  21  2:08  Overlord  
  26  2:10  Drone  
  26  2:13  Drone  
  26  2:14  Metabolic Boost  
  28  2:26  Drone x2  
  30  2:32  Hatchery  
  30  2:35  Drone  
  30  2:37  Drone  
  31  2:44  Queen  
  31  2:49  Overlord  
  33  2:52  Drone  
  33  2:55  Drone x2  
  36  3:09  Overlord  
  36  3:10  Overlord, Drone  
  37  3:27  Queen x2  
  37  3:28  Drone  
  37  3:29  Drone  
  37  3:30  Drone x3  
  37  3:32  Overlord  
  46  3:42  Drone x2  
  46  3:43  Drone x2  
  46  3:45  Queen  
  52  3:51  Overlord  
  52  3:53  Drone x4  
  56  3:57  Drone  
  56  3:58  Drone  
  57  4:02  Queen  
  57  4:06  Baneling Nest  
  57  4:09  Evolution Chamber  
  57  4:11  Zergling x6  
  57  4:16  Zergling x6  
  63  4:24  Overlord  
  63  4:27  Zergling x4  
  63  4:28  Drone x3  
  68  4:35  Drone  
  68  4:36  Drone  
  68  4:38  Zerg Ground Armor Level 1  
  70  4:41  Drone x2  
  70  4:42  Drone x2  
  70  4:45  Overlord  
  74  4:48  Drone x2  
  74  4:50  Spore Crawler  
  74  4:52  Spore Crawler  
  73  4:53  Drone  
  74  5:00  Spore Crawler  
  74  5:01  Baneling x4  
  74  5:05  Drone x3  
  74  5:06  Drone x3  
  79  5:17  Zergling x10, Evolution Chamber  
  83  5:23  Overlord  
  83  5:27  Extractor  
  83  5:28  Extractor, Hatchery  
  81  5:30  Overlord  
  81  5:35  Drone x7  
  88  5:37  Spore Crawler  
  88  5:39  Drone  
  88  5:43  Drone x3  
  88  5:45  Drone x2  
  88  5:49  Overlord  
  93  5:51  Queen  
  93  5:55  Extractor, Drone x2  
  93  5:56  Extractor  
  95  6:01  Lair  
  95  6:02  Drone x2  
  97  6:16  Overlord  
  95  6:21  Queen  
  95  6:24  Drone x8  
  102  6:34  Evolution Chamber  
  102  6:37  Overlord  
  97  6:40  Zergling x16  
  105  6:47  Overlord  
  105  6:50  Drone x2  
  105  6:53  Zergling x10  
  111  7:02  Zergling x8  
  111  7:03  Centrifical Hooks  
  111  7:04  Zerg Ground Armor Level 2  
  111  7:05  Zerg Melee Weapons Level 1  
  112  7:10  Zergling x10  
  112  7:13  Zergling x2  
  109  7:23  Overlord  
  109  7:24  Zergling x12  
  109  7:28  Baneling x8  
  109  7:29  Zergling x8  
  107  7:39  Zergling x12  
  107  7:40  Queen  
  107  7:41  Queen, Hatchery  
  113  7:46  Zergling x2  
  114  7:56  Overlord x3  
  108  8:05  Zergling x12  
  105  8:11  Zergling x8  
  102  8:27  Zergling x16  
  108  8:29  Hatchery, Overseer  
  108  8:33  Overseer  
  109  8:35  Zergling x2  
  109  8:36  Zergling x4  
  112  8:42  Overlord  
  112  8:48  Zergling x4  
  114  8:55  Zergling x16  
  114  9:02  Zergling x6  
  122  9:03  Baneling  
  122  9:04  Baneling x5  
  120  9:14  Overlord  
  120  9:15  Drone x8  
  128  9:23  Drone  
  125  9:33  Pneumatized Carapace, Baneling x3  
  125  9:34  Zerg Melee Weapons Level 2, Burrow  
  125  9:35  Zergling x2  
  125  9:36  Zergling x10  
  122  9:40  Zergling x14  
  122  9:45  Zergling x8  
  130  9:49  Baneling x8  
  130  9:52  Zergling x8  
  132  9:53  Overseer  
  132  9:54  Overseer  
  132  9:58  Baneling x5  
  132  9:59  Baneling x9  
  130  10:00  Zergling x4  
  130  10:02  Zergling x6  
  135  10:10  Zergling x2  
  135  10:12  Overlord x2  
  136  10:20  Zergling x2  
  136  10:24  Hatchery  
  135  10:31  Zergling x2  
  135  10:32  Zergling x18, Extractor, Infestation Pit  
  135  10:33  Hydralisk Den  
  142  10:36  Drone x2  
  142  10:38  Overlord x2  
  144  10:43  Baneling  
  144  10:44  Baneling  
  142  10:57  Zergling x20  
  149  11:06  Drone x7  
  149  11:08  Spore Crawler  
  149  11:09  Spore Crawler  
  153  11:13  Zergling x12  
  153  11:16  Hive  
  153  11:17  Drone  
  157  11:18  Lurker Den  
  157  11:20  Baneling  
  157  11:21  Baneling x8  
  157  11:22  Zergling x6  
  159  11:30  Overlord x3  
  159  11:33  Extractor  
  159  11:34  Extractor  
  152  11:44  Zergling x6  
  152  11:45  Zergling x14  
  153  11:52  Zergling x16  
  156  12:11  Zergling x2  
  156  12:12  Zergling x20  
  156  12:14  Baneling x5  
  156  12:15  Baneling x6  
  163  12:17  Hatchery  
  151  12:24  Hydralisk  
  151  12:25  Hydralisk x7  
  151  12:38  Baneling x24  
  132  12:50  Seismic Spines  
  132  12:52  Lurker x6  
  132  12:57  Zergling x14  
  132  12:58  Zergling x2  
  131  13:09  Lurker x2  
  133  13:15  Hydralisk x3  
  133  13:18  Zergling x2  
  133  13:19  Zergling x6  
  143  13:21  Baneling x4  
  143  13:23  Overseer  
  142  13:30  Hatchery  
  142  13:31  Zergling x22  
  142  13:33  Overseer  
  144  13:57  Zergling x22  
  144  13:59  Hydralisk x2  
  156  14:05  Lurker x2  
  156  14:06  Lurker  
  149  14:12  Hydralisk x6  
  145  14:21  Zergling x2  
  145  14:22  Zergling x4  
  130  14:25  Hydralisk x2  
  130  14:29  Hydralisk  
  130  14:30  Hydralisk x3  
  133  14:42  Zergling x2  
  133  14:43  Zergling x8  
  126  14:49  Zergling x2  
  117  14:54  Lurker x7  
  113  15:03  Zergling x2  
  113  15:04  Zergling x16  
  92  15:14  Zergling x6  
Tags
 
Composition
Lurkers
Event
TSL 6
Matchup
TvZ
Spawn Locations
Cross Positions
Add a new tag
Caveats
  • Supply blocks, unpowered buildings, or Contaminate may cause inaccurate times.
  • Supply counts are checked every 10 seconds.